 Dungeon Crawl Stone Soup version 0.31.0 (webtiles) character file.

Game seed: 10591161332735636123

72 qw the Shooter (level 4, -3/28 HPs)
             Began as a Gargoyle Hunter on Jan 19, 2024.
             Slain by Sigmund
             ... wielding a +0 scythe
              (7 damage)
             ... on level 2 of the Dungeon.
             The game lasted 00:00:05 (991 turns).

qw the Shooter (Gargoyle Hunter)                     Turns: 991, Time: 00:00:05

Health: -3/28      AC:  6    Str: 14    XL:     4   Next: 26%
Magic:  4/4        EV: 11    Int: 10    God:
Gold:   87         SH:  0    Dex: 15    Spells: 3/3 levels left

rFire   . . .        a - +0 shortbow
rCold   . . .        (shield currently unavailable)
rNeg    + . .        c - +0 leather armour
rPois   inf          (no helmet)
rElec   +            (no cloak)
rCorr   .            (no gloves)
SInv    .            (no boots)
Will    .....        (no amulet)
Stlth   ++           (no ring)
HPRegen 0.24/turn    (no ring)
MPRegen 0.09/turn

%: no passive effects
@: no status effects
A: sickness immunity, AC +3, negative energy resistance 1, electricity
resistance, torment resistance 1, petrification resistance
a: no special abilities


You were on level 2 of the Dungeon.
You visited 1 branch of the dungeon, and saw 3 of its levels.

You collected 87 gold pieces.


Innate Abilities, Weirdness & Mutations

You are immune to sickness and miasma.
Your stone body is resilient. (AC +3)
You are immune to poison.
You resist negative energy. (rN+)
You are resistant to electric shocks. (rElec)
You are resistant to unholy torment.
You are immune to petrification.


   Skills:
 - Level 3.1 Fighting
 + Level 5.2 Ranged Weapons
 - Level 1.5 Dodging
 - Level 1.1 Stealth


You had 3 spell levels left.
You didn't know any spells.
Your spell library was empty.

Inventory:

Hand Weapons
 a - a +0 shortbow (weapon)
Armour
 c - a +0 leather armour (worn)
Jewellery
 i - the ring "Cejil" {Ice rElec rPois}
   (You found it on level 2 of the Dungeon)

   [ring of ice]

   Ice:       It enhances your ice magic.
   rF-:       It makes you vulnerable to fire.
   rC+:       It protects you from cold.
   rElec:     It insulates you from electricity.
   rPois:     It protects you from poison
Scrolls
 d - 2 scrolls of teleportation
 e - a scroll of enchant armour
Potions
 b - a potion of haste
 h - a potion of brilliance {unknown}
 k - a potion of enlightenment {unknown}

Dungeon Overview and Level Annotations

Branches:
Dungeon (3/15)

Altars:

Annotations:
D:3 Sigmund


Message History

The arrow hits Sigmund but does no damage.
Sigmund is heavily wounded.
Sigmund casts a spell at you.
You are confused.
978 ||| DRINKING potion of curing.
You feel better.
978 ||| (to cure confusion) Sigmund closely misses you.
You shoot an arrow. The arrow hits Sigmund.
Sigmund is severely wounded.
Sigmund hits you from afar with a +0 scythe.
You shoot an arrow. The arrow hits Sigmund!
Sigmund is almost dead.
You shoot an arrow. The arrow closely misses Sigmund.
Sigmund hits you but does no damage.
You shoot an arrow.
The arrow hits Sigmund but does no damage.
Sigmund is almost dead.
Sigmund casts a spell at you.
You are confused.
Sigmund gestures at you while chanting. The magic dart hits you!
Sigmund hits you but does no damage.
Sigmund says, "You will soon forget everything."
Sigmund casts a spell.
Sigmund flickers and vanishes!
Deactivating autopickup; reactivate with Ctrl-A.
986 ||| FLEEEEING.
A hobgoblin comes into view.
Something hits you.
There is a stone staircase leading up here.
988 ||| STAIRDANCE You feel less confused.
The hobgoblin shouts!
You climb upwards.
Reactivating autopickup.
There is a stone staircase leading down here.
Something hits you!
Deactivating autopickup; reactivate with Ctrl-A.
Something hits you!
You die...

##### [...# ######## ....#
#......# ....# #......#
....###########({.>..#
....#................#####
......#########.@........#
....### ###..#.)...#
....##### ####.##.....#
).......######....##.....#
.%..##....(....#####.....#
.#..<.......#.....####.###
.#........#.#.....# #.##
..........#.......## #..#
.#.................####.#


There were no monsters in sight!

Vanquished Creatures
  2 adders (D:2)
  A dart slug (D:1)
  2 ball pythons
  2 endoplasms (D:1)
  2 giant cockroaches (D:1)
  9 goblins
  4 hobgoblins
  6 jackals (D:1)
  4 kobolds
  2 quokkas (D:1)
  4 bats
  2 frilled lizards (D:2)
  7 rats
47 creatures vanquished.

Notes
Turn   | Place    | Note
-------+----------+-------------------------------------------
     0 | D:1      | qw the Gargoyle Hunter began the quest for the Orb.
     0 | D:1      | Reached XP level 1. HP: 12/12 MP: 1/1
     0 | D:1      | 0 ||| qw: Version: 0.3-a-132-g3d54051
     0 | D:1      | 0 ||| qw: Game counter: 12
     0 | D:1      | 0 ||| qw: Melee chars always use a shield: true
     0 | D:1      | 0 ||| qw: God list: Okawaru
     0 | D:1      | 0 ||| qw: Allow faded altars: false
     0 | D:1      | 0 ||| qw: Do Orc after clearing Dungeon:15 true
     0 | D:1      | 0 ||| qw: Do second Lair branch before Depths: true
     0 | D:1      | 0 ||| qw: Lair rune preference: random
     0 | D:1      | 0 ||| qw: Goals: Normal
     0 | D:1      | 0 ||| PLANNING D:1-11
   156 | D:1      | Reached XP level 2. HP: 17/17 MP: 2/2
   214 | D:1      | Reached XP level 3. HP: 19/21 MP: 3/3
   230 | D:1      | Reached skill level 5 in Ranged Weapons
   573 | D:1      | 573 ||| READING 3 scrolls labelled HOPLAR GOHIETS.
   578 | D:1      | 578 ||| READING 2 scrolls labelled UCUAFR YRIAHE.
   578 | D:1      | 578 ||| ENCHANTING +0 shortbow.
   579 | D:1      | 579 ||| READING scroll labelled CAN ANTAELIOCI.
   580 | D:1      | 580 ||| READING 2 scrolls labelled CIEDIN ORIU.
   580 | D:1      | 580 ||| IDENTIFYING puce potion
   581 | D:1      | 581 ||| READING scroll of identify.
   581 | D:1      | 581 ||| IDENTIFYING cyan potion
   582 | D:1      | 582 ||| DROPPING scroll of butterflies.
   583 | D:1      | 583 ||| DROPPING potion of ambrosia.
   629 | D:2      | Reached skill level 3 in Fighting
   677 | D:2      | Reached XP level 4. HP: 28/28 MP: 4/4
   766 | D:2      | 766 ||| FLEEEEING.
   859 | D:2      | Identified the ring "Cejil" {Ice rElec rPois}
   928 | D:2      | 928 ||| READING scroll of identify.
   928 | D:2      | 928 ||| IDENTIFYING pink potion
   929 | D:2      | 929 ||| READING scroll labelled LODGHA RYSYM.
   946 | D:3      | Noticed Sigmund
   951 | D:3      | 951 ||| STAIRDANCE
   953 | D:2      | 953 ||| DRINKING 2 potions of curing.
   953 | D:2      | 953 ||| (to cure confusion)
   978 | D:3      | 978 ||| DRINKING potion of curing.
   978 | D:3      | 978 ||| (to cure confusion)
   986 | D:3      | 986 ||| FLEEEEING.
   988 | D:3      | 988 ||| STAIRDANCE
   990 | D:2      | HP: 4/28 [something (10)]
   991 | D:2      | Slain by Sigmund

Levels and vault maps discovered:
D:1:      minmay_arrival_diagonal_passages, layout_basic, minmay_hexomino_r4
D:2:      layout_rooms
D:3:      layout_basic, overflow_temple_1_default, uniq_sigmund, uniq_ijyb

Skill      XL: |  1  2  3 |
---------------+----------+-----
Ranged Weapons | 5 |  5.2
Fighting       | 3 |  3.1
Dodging        | |  1.5
Stealth        | |  1.1

Action                     |  1- 3 |  4- 6 || total
---------------------------+-------+-------++-------
   Fire: Shortbow          |    94 |    46 ||   140
    Use: Scroll            |     5 |     2 ||     7
         Potion            |       |     2 ||     2
 Armour: Leather armour    |    20 |    21 ||    41
  Dodge: Dodged            |    25 |    14 ||    39

Table legend:
 A = Non-vault XP
 B = Vault XP
 C = Vault XP percentage of total XP
 D = Non-vault monster count
 E = Vault monster count
 F = Vault count percentage of total count
                 A         B        C        D         E       F
            +---------+---------+-------+---------+---------+-------
      Total |      94 |      10 |   9.6 |      43 |       4 |   8.5
            +---------+---------+-------+---------+---------+-------
        D:1 |      48 |      10 |  17.2 |      28 |       4 |  12.5
        D:2 |      46 |       0 |   0.0 |      15 |       0 |   0.0
            +---------+---------+-------+---------+---------+-------
